 Dungeon Crawl Stone Soup version 0.31-a0-620-gd1cbd99268 (webtiles) character file.

Game seed: 3137175726109166391

604 SolCadguy the Slasher (level 7, -2/61 (82) HPs)
             Began as a Grey Draconian Reaver on Mar 29, 2023.
             Was an Initiate of Wu Jian.
             Slain by Edmund
             ... wielding a +1 dire flail of protection
              (7 damage)
             ... on level 5 of the Dungeon on Aug 24, 2023.
             The game lasted 00:17:13 (4289 turns).

SolCadguy the Slasher (Grey Draconian Reaver)       Turns: 4289, Time: 00:17:14

HP:   -2/61 (82)    AC: 23    Str: 14    XL:     7   Next: 18%
MP:   19/19         EV:  2    Int: 15    God:    Wu Jian [......]
Gold: 143           SH:  0    Dex: 10    Spells: 4/10 levels left

rFire   . . .        a - +0 falchion
rCold   . . .        (no shield)
rNeg    . . .        (body armour unavailable)
rPois   +            (helmet currently unavailable)
rElec   .            (cloak currently unavailable)
rCorr   .            (gloves currently unavailable)
SInv    .            d - melded +0 pair of boots
Will    .....        (no amulet)
Stlth   +            i - ring of magical power
HPRegen 0.30/turn    c - +4 ring of slaying
MPRegen 0.16/turn

%: no passive effects
@: tree-form, very heavily drained
A: stationary, stasis, torment immunity, boosted hp, AC +11, (amphibious),
unfitting armour, (cold-blooded)
a: Renounce Religion


You were on level 5 of the Dungeon.
You worshipped Wu Jian.
Wu Jian was noncommittal.
You were a tree.
You visited 2 branches of the dungeon, and saw 6 of its levels.

You collected 242 gold pieces.
You spent 99 gold pieces at shops.

Inventory:

Hand Weapons
 a - a +0 falchion (weapon)
 s - a +0 heavy falchion
Missiles
 b - 3 silver boomerangs (quivered)
 f - 2 throwing nets
Armour
 d - a +0 pair of boots (melded)
Jewellery
 c - a +4 ring of slaying (right branch)
 i - a ring of magical power (left branch)
 r - a ring of fire
Scrolls
 k - a scroll of enchant weapon
 m - a scroll of amnesia {unknown}
 n - 3 scrolls of teleportation
 o - a scroll of poison {unknown}
 p - a scroll of vulnerability
 q - a scroll of fog {unknown}
 v - a scroll of noise {unknown}
Potions
 e - 3 potions of invisibility
 h - 2 potions of attraction
 j - a potion of resistance


   Skills:
 - Level 2.1 Fighting
 + Level 7.4 Long Blades
 - Level 1.7 Dodging
 - Level 2.0 Spellcasting
 + Level 3.3 Conjurations
 - Level 1.5 Necromancy
 - Level 2.7 Ice Magic


You had 4 spell levels left.
You knew the following spells:

 Your Spells              Type           Power      Damage    Failure   Level
a - Kiss of Death         Conj/Necr      32%        2d7       9%          1
b - Momentum Strike       Conj/Tloc      12%        3d8       17%         2
c - Hailstorm             Conj/Ice       10%        3d5       19%         3

Your spell library contained the following spells:

 Spells                   Type           Power      Damage    Failure   Level


Dungeon Overview and Level Annotations

Branches:
Dungeon (5/15)             Temple (1/1) D:5

Altars:
Ashenzari
Cheibriados
Dithmenos
Elyvilon
Hepliaklqana
Kikubaaqudgha
Nemelex Xobeh
Qazlal
Sif Muna
Trog
Uskayaw
Vehumet
Wu Jian
Yredelemnul
Zin
The Shining One

Shops:
D:1 :   D:2 ?*(

Annotations:
D:5 Edmund


Innate Abilities, Weirdness & Mutations

You are a tree.
Your roots penetrate the ground, keeping you stationary.
You cannot be teleported.
You are immune to unholy pain and torment.
Your maximum health is greatly increased.
Your equipment is partially melded.
((Your dull iron-grey scales are very hard. (AC +11)))
((You are amphibious.))
You cannot fit into any form of body armour.
((You are cold-blooded and may be slowed by cold attacks.))


Message History

Aim: Edmund, wielding a +1 dire flail of protection and wearing a +0 scale mail (heavily wounded, 100% to hit)
The negative energy hits Edmund but does no damage.
Edmund is drained!
Edmund is heavily wounded.
You feel drained. Edmund hits you but does no damage.
You closely miss Edmund.
Edmund is heavily wounded.
Edmund hits you but does no damage.
You barely miss Edmund.
Edmund is heavily wounded.
Edmund hits you but does no damage.
You barely miss Edmund.
Edmund is heavily wounded.
Edmund hits you with a +1 dire flail of protection.
* * * LOW HITPOINT WARNING * * *
You completely miss Edmund.
Edmund is heavily wounded.
Edmund hits you but does no damage.
You hit Edmund but do no damage.
Edmund is heavily wounded.
You hit Edmund but do no damage.
Edmund is heavily wounded.
Edmund hits you with a +1 dire flail of protection!
* * * LOW HITPOINT WARNING * * *
Okay, then.
Casting: Kiss of Death (safe; 9% risk of failure)
Confirm with . or Enter, or press ? or * to list all spells.
You cannot redirect your momentum while unable to move.
Unknown command.
You hit Edmund.
Edmund is severely wounded.
Edmund completely misses you.
You hit Edmund.
Edmund is severely wounded.
Edmund hits you but does no damage.
You hit Edmund.
Edmund is almost dead.
Edmund hits you with a +1 dire flail of protection!
You die...
Edmund says, "That'll show my brother!"

#. .##. ..... ### .....
#####.. ...... ##......
......# #####..#...#
#.....@## ###.....##.8.#
#......♣###......##.....
#........##.##..##..#.#.
##........†.###....##.##
#........### #...##...#
#........# #.8....>..
#.......[.# #...##...#
#.......... #....##.##
.....#....#####.##..#.#.
....##..........##.....


You could see Edmund (drained).

Vanquished Creatures
  A black bear (D:4)
  2 scorpions (D:4)
  A hound (D:5)
  2 jellies
  A gnoll bouda (D:4)
  2 orc priests
  An iguana (D:4)
  An orc wizard (D:4)
  Robin (D:3)
  3 gnolls (D:4)
  4 adders
  A white imp (D:5)
  4 worms
  A dart slug (D:3)
  8 orcs
  5 endoplasms
  3 giant cockroaches
  15 goblins
  7 hobgoblins
  4 jackals (D:3)
  A quokka (D:3)
  3 ball pythons
  4 bats (D:1)
  A frilled lizard (D:3)
  6 kobolds
  3 rats
85 creatures vanquished.

Notes
Turn   | Place    | Note
-------+----------+-------------------------------------------
     0 | D:1      | SolCadguy the Draconian Reaver began the quest for the Orb.
     0 | D:1      | Reached XP level 1. HP: 17/17 MP: 3/3
    91 | D:1      | Found Eriuwn's Book Shop.
   281 | D:1      | Reached XP level 2. HP: 21/22 MP: 5/5
   524 | D:1      | Learned a level 2 spell: Momentum Strike
   941 | D:2      | Reached skill level 4 in Long Blades
   941 | D:2      | Reached XP level 3. HP: 14/29 MP: 6/6
  1166 | D:2      | Found Tidis's General Store.
  1535 | D:2      | Found Taugga's Antique Weapon Boutique.
  1644 | D:2      | Found Hyes's Magic Scroll Emporium.
  1663 | D:2      | Bought a scroll of identify for 22 gold pieces
  1663 | D:2      | Bought a scroll of identify for 22 gold pieces
  1663 | D:2      | Bought a scroll of teleportation for 33 gold pieces
  1663 | D:2      | Bought a scroll of identify for 22 gold pieces
  2036 | D:3      | Found a faded altar of an unknown god.
  2221 | D:3      | Reached XP level 4. HP: 35/36 MP: 7/7
  2246 | D:3      | Reached skill level 5 in Long Blades
  2253 | D:3      | Learned a level 3 spell: Hailstorm
  2344 | D:3      | Noticed Robin
  2352 | D:3      | Killed Robin
  2513 | D:3      | Reached XP level 5. HP: 41/41 MP: 8/8
  2913 | D:4      | Reached skill level 6 in Long Blades
  3120 | D:4      | Found a stormy altar of Qazlal.
  3209 | D:4      | Reached skill level 1 in Necromancy
  3209 | D:4      | Reached XP level 6. HP: 26/46 MP: 9/9
  3345 | D:4      | Reached skill level 1 in Ice Magic
  3723 | D:4      | Reached skill level 7 in Long Blades
  3905 | D:4      | Found a hazy altar of Hepliaklqana.
  3907 | D:4      | Found a glowing golden altar of the Shining One.
  3911 | D:4      | Found a white marble altar of Elyvilon.
  3921 | D:4      | Your scales start taking on a dull iron-grey colour.
  3921 | D:4      | Reached XP level 7. HP: 44/55 MP: 6/10
  4033 | D:5      | Entered Level 5 of the Dungeon
  4091 | D:5      | Found a staircase to the Ecumenical Temple.
  4115 | Temple   | Entered the Ecumenical Temple
  4181 | Temple   | Upgraded the game from 0.30-a0-953-g5f1da4a474 to
                  | 0.31-a0-83-gbff143cfd1
  4181 | Temple   | Upgraded the game from 0.31-a0-83-gbff143cfd1 to
                  | 0.31-a0-620-gd1cbd99268
  4208 | Temple   | Became a worshipper of the Wu Jian Council
  4246 | D:5      | Noticed Edmund
  4289 | D:5      | Slain by Edmund

Illustrated notes

Levels and vault maps discovered:
D:1:      dpeg_arrival_refuge, layout_loops_cross, serial_shops,
          nicolae_square_shop, kennysheep_flooded_box, nrook_mini_backslash
D:2:      layout_loops_ring, serial_shops, nicolae_shop_statue_plus,
          nicolae_shop_behind_doors, nicolae_lakefront_shop,
          kennysheep_generic_room_7
D:3:      layout_loops_cross, nicolae_ecumenical_pavilion, uniq_robin
D:4:      kennysheep_big_flooded_room, layout_basic,
          nicolae_qazlal_general_emergency, grunt_temple_overflow_diamond
D:5:      layout_cave_pods, minmay_overflow_temple_star_quad,
          minmay_temple_entry_waves, uniq_edmund
Temple:   nicolae_temple_no_exploring_needed

Skill      XL: |  1  2  3  4  5  6 |
---------------+-------------------+-----
Long Blades    | 4 5 6 7 |  7.4
Necromancy     | 1 |  1.5
Ice Magic      | 2 |  2.7
Fighting       | |  2.1
Dodging        | |  1.7
Spellcasting   | |  2.0
Conjurations   | |  3.3

Action                     |  1- 3 |  4- 6 |  7- 9 || total
---------------------------+-------+-------+-------++-------
  Melee: Falchion          |   101 |   132 |    52 ||   285
         Tailslap          |    21 |    11 |     4 ||    36
         Punch             |     1 |       |     1 ||     2
  Throw: Boomerang         |     2 |     2 |       ||     4
   Cast: Kiss of Death     |     1 |     2 |     2 ||     5
         Momentum Strike   |     6 |    12 |       ||    18
         Hailstorm         |       |     5 |       ||     5
Ability: Lunge             |       |       |     1 ||     1
    Use: Scroll            |     6 |       |     4 ||    10
         Potion            |       |     3 |     2 ||     5
 Armour: Skin              |    35 |    32 |    18 ||    85
  Dodge: Dodged            |    66 |    79 |    16 ||   161

Table legend: (Time is in decaauts)
 A = Elapsed time spent in this place.
 B = Non-inter-level travel time spent in this place.
 C = Inter-level travel time spent in this place.
 D = Time resting spent in this place.
 E = Time spent auto-exploring this place.
 F = Levels seen in this place.
 G = Mean time per level.
                   A        B        C        D        E       F      G
               +--------+--------+--------+--------+--------+-----+--------+
         Total |   4304 |   4168 |    136 |    815 |   2552 |   6 |  717.3 |
       Dungeon |   4204 |   4073 |    131 |    768 |   2552 |   5 |  840.8 |
        Temple |     99 |     94 |      5 |     47 |      0 |   1 |   99.0 |
               +--------+--------+--------+--------+--------+-----+--------+

Top non-repeatable levels by time:
     D:2: 1225 daAuts
     D:4: 1204 daAuts
     D:1: 820 daAuts
     D:3: 801 daAuts
     D:5: 153 daAuts
  Temple: 99 daAuts
